 Dungeon Crawl Stone Soup version 0.28-a0-1629-gf728b707aa (webtiles) character file.

Game seed: 6617236292991340758

642 Jannitor the Skirmisher (level 7, -3/61 HPs)
             Began as a Hill Orc Enchanter on Jan 24, 2022.
             Slain by a scorpion (8 damage)
             ... on level 6 of the Dungeon.
             The game lasted 00:14:27 (5454 turns).

Jannitor the Skirmisher (Hill Orc Enchanter)        Turns: 5454, Time: 00:14:28

Health: -3/61      AC:  6    Str: 10 (11) XL:     7   Next: 51%
Magic:  0/9        EV: 12    Int: 16 (17) God:
Gold:   87         SH:  0    Dex:  8 (9)  Spells: 1/9 levels left

rFire   . . .      SeeInvis .   a - +1 dagger
rCold   . . .      Faith    .   (no shield)
rNeg    . . .      Spirit   .   b - +0 robe
rPois   .          Reflect  .   (no helmet)
rElec   .          Harm     .   (no cloak)
rCorr   .          Rampage  .   (no gloves)
Will    .....      Clarity  +   h - +1 pair of boots
Stlth   ++........              (no amulet)
HPRegen 0.20/turn               (no ring)
MPRegen 0.11/turn               (no ring)

@: unable to read
A: iridescent scales 1, clarity, clumsy 1, inability to read while threatened
a: no special abilities


You were on level 6 of the Dungeon.
You visited 2 branches of the dungeon, and saw 7 of its levels.

You collected 87 gold pieces.

Inventory:

Hand Weapons
 a - a +1 dagger (weapon)
 i - a +0 rapier
Armour
 b - a +0 robe (worn)
 h - a +1 pair of boots (worn)


   Skills:
 * Level 5.4 Fighting
 + Level 3.2 Short Blades
 + Level 2.6 Dodging
 + Level 3.8 Stealth
 - Level 1.5 Spellcasting
 + Level 4.4 Hexes


You had one spell level left.
You knew the following spells:

 Your Spells              Type           Power      Damage    Failure   Level
a - Ensorcelled Hibernat  Hex/Ice        16%        N/A       13%         2
b - Tukima's Dance        Hex            15%        N/A       11%         3
c - Confusing Touch       Hex            15%        N/A       11%         3

Your spell library contained the following spells:

 Spells                   Type           Power      Damage    Failure   Level
 Animate Skeleton         Necr           2%         N/A       22%         1
 Magic Dart               Conj           4%         1d3       22%         1
 Pain                     Necr           4%         1d4       22%         1
 Dazzling Flash           Conj/Hex       16%        N/A       26%         3
 Searing Ray              Conj           2%         2d4       32%         2
 Vampiric Draining        Necr           1%         2d6       54%         3
 Fulminant Prism          Conj/Hex       4%         3d6       65%         4


Dungeon Overview and Level Annotations

Branches:
Dungeon (6/15)             Temple (1/1) D:6

Altars:
Ashenzari
Cheibriados
Dithmenos
Elyvilon
Fedhas
Gozag
Kikubaaqudgha
Makhleb
Nemelex Xobeh
Qazlal
Ru
Trog
Uskayaw
Vehumet
Wu Jian
Xom
Zin
The Shining One

Annotations:
D:6 exclusion: hornet, Grinder


Innate Abilities, Weirdness & Mutations

You are partially covered in iridescent scales. (AC +2)
You possess an exceptional clarity of mind.
You are clumsy. (Dex -2)
You sometimes lose the ability to read scrolls when taking damage.


Message History

The scorpion stings you!
You feel threatened and lose the ability to read scrolls!
* * * LOW HITPOINT WARNING * * *
You hit the scorpion but do no damage.
The scorpion is moderately wounded.
The scorpion stings you.
* * * LOW HITPOINT WARNING * * *
The scorpion barely misses you.
An orc comes into view. It is wielding a +0 whip.
You can read scrolls again.
The scorpion stings you.
You feel threatened and lose the ability to read scrolls!
* * * LOW HITPOINT WARNING * * *
You feel better.
You can read scrolls again.
The scorpion stings you.
* * * LOW HITPOINT WARNING * * *
Casting: Ensorcelled Hibernation (safe; 13% risk of failure)
Confirm with . or Enter, or press ? or * to list all spells.
Aiming: Ensorcelled Hibernation (safe; 13% risk of failure)
Press: ? - help, Shift-Dir - straight line, f/p - scorpion
Aim: a scorpion (moderately wounded, chance to affect: 41%)
The scorpion looks drowsy...
The helpless scorpion fails to defend itself.
You puncture the scorpion!
The scorpion is almost dead.
The scorpion stings you.
* * * LOW HITPOINT WARNING * * *
You hit the scorpion but do no damage.
The scorpion is almost dead.
The scorpion barely misses you.
You hit the scorpion.
The scorpion is almost dead.
The scorpion stings you.
You feel threatened and lose the ability to read scrolls!
* * * LOW HITPOINT WARNING * * *
You hit the scorpion but do no damage.
The scorpion is almost dead.
The scorpion stings you!
You die...

########'#######.#.#
.# #.# .....#.# .#
#.#.##....... .#
#)#.......# .#
#.####)..######o# ##
#...............#
#######.#.######
########### #.#s#
#.....s..s# #.#@#
#.....r##r# #.#.#
#......##.# #.#.#
#......##)####.#.#
#####'###.†....#.#
##<##########.###
####...............#
........#...#....#.#
........#.###....#.#


You could see a scorpion.

Vanquished Creatures
  A sky beast (D:6)
  An ogre (D:6)
  A centaur (D:6)
  A phantom (D:6)
  A kobold brigand (D:6)
  A howler monkey (D:4)
  An iguana (D:4)
  An orc wizard (D:3)
  A hound skeleton (D:4)
  7 adders
  An ufetubus (D:5)
  A worm (D:2)
  A dart slug (D:1)
  4 orcs
  9 ball pythons
  4 endoplasms
  A giant cockroach (D:3)
  8 goblins
  5 hobgoblins
  4 quokkas
  4 bats (D:1)
  4 frilled lizards
  7 kobolds
  27 rats
96 creatures vanquished.

Vanquished Creatures (collateral kills)
  A quokka (D:6)
  A kobold (D:4)
2 creatures vanquished.

Vanquished Creatures (others)
  2 dancing weapons (D:6)
2 creatures vanquished.

Grand Total: 100 creatures vanquished

Notes
Turn   | Place    | Note
-------+----------+-------------------------------------------
     0 | D:1      | Jannitor the Hill Orc Enchanter began the quest for the
                  | Orb.
     0 | D:1      | Reached XP level 1. HP: 14/14 MP: 3/3
   221 | D:1      | Reached skill level 1 in Fighting
   284 | D:1      | Reached XP level 2. HP: 22/23 MP: 4/4
   336 | D:1      | Found a faded altar of an unknown god.
   839 | D:1      | Reached XP level 3. HP: 22/29 MP: 5/5
   992 | D:1      | Learned a level 2 spell: Ensorcelled Hibernation
  1321 | D:2      | Reached skill level 2 in Fighting
  2042 | D:3      | Found a glowing silver altar of Zin.
  2077 | D:3      | Reached XP level 4. HP: 36/37 MP: 3/6
  2449 | D:3      | Found a glowing golden altar of the Shining One.
  2992 | D:3      | Reached skill level 3 in Fighting
  3326 | D:3      | Reached XP level 5. HP: 36/45 MP: 1/7
  3482 | D:3      | Learned a level 3 spell: Tukima's Dance
  3955 | D:4      | Noticed a wyvern
  4149 | D:4      | Reached XP level 6. HP: 30/52 MP: 5/8
  4327 | D:4      | Reached skill level 4 in Fighting
  4377 | D:5      | Entered Level 5 of the Dungeon
  4517 | D:6      | Noticed a sky beast
  4550 | D:6      | Killed a sky beast
  4675 | D:6      | Reached XP level 7. HP: 50/60 MP: 9/9
  4733 | D:6      | Noticed Grinder
  4777 | D:6      | Reached skill level 5 in Fighting
  4779 | D:6      | Gained mutation: You sometimes lose the ability to read
                  | scrolls when taking damage. [potion of mutation]
  4779 | D:6      | Gained mutation: You are clumsy. (Dex -2) [potion of
                  | mutation]
  4779 | D:6      | Gained mutation: You possess an exceptional clarity of
                  | mind. [potion of mutation]
  4779 | D:6      | Gained mutation: You are partially covered in iridescent
                  | scales. (AC +2) [potion of mutation]
  5063 | D:6      | Found a staircase to the Ecumenical Temple.
  5072 | Temple   | Entered the Ecumenical Temple
  5284 | D:6      | Noticed a hornet
  5300 | D:6      | Learned a level 3 spell: Confusing Touch
  5454 | D:6      | Slain by a scorpion

Illustrated notes

Levels and vault maps discovered:
D:1:      ebering_trefoil_3fold, layout_basic, chequers_ecumenical_altar_simple,
          kennysheep_crisscross
D:2:      layout_rooms
D:3:      layout_basic, mainiacjoe_overflow_catch_the_wave,
          minmay_misc_feat_encased, minivault_11, kennysheep_decorative_pillar,
          chequers_serial_rivers_micro_e, minivault_26, minmay_rat_hole
D:4:      layout_rooms, mainiacjoe_overflow_alcove_1, lightli_corner_chamber
D:5:      layout_loops_ring
D:6:      minmay_chambers_of_sixes, layout_basic, minmay_temple_entry_mist,
          uniq_grinder
Temple:   eino_temple_rhombus

Skill      XL: |  1  2  3  4  5  6  7 |
---------------+----------------------+-----
Fighting       | 1 2 3 4 5 |  5.4
Short Blades   | 2 3 |  3.2
Stealth        | 3 |  3.8
Dodging        | 2 |  2.6
Hexes          | 4 |  4.4
Spellcasting   | |  1.5

Action                   |  1- 3 |  4- 6 |  7- 9 || total
-------------------------+-------+-------+-------++-------
Melee: Dagger            |   145 |   171 |    71 ||   387
       Punch             |     1 |     2 |       ||     3
Throw: Dart              |       |       |     1 ||     1
 Cast: Ensorcelled Hiber |     6 |    22 |    10 ||    38
       Tukima's Dance    |       |     1 |     3 ||     4
  Use: Potion            |     1 |     4 |     6 ||    11
       Scroll            |       |     3 |     3 ||     6
 Stab: Sleeping          |    10 |    16 |     2 ||    28
       Invisible         |     2 |       |       ||     2
Armor: Robe              |    21 |    23 |    20 ||    64
Dodge: Dodged            |    67 |   108 |    61 ||   236

Table legend: (Time is in decaauts)
 A = Elapsed time spent in this place.
 B = Non-inter-level travel time spent in this place.
 C = Inter-level travel time spent in this place.
 D = Time resting spent in this place.
 E = Time spent auto-exploring this place.
 F = Levels seen in this place.
 G = Mean time per level.
                   A        B        C        D        E       F      G
               +--------+--------+--------+--------+--------+-----+--------+
         Total |   5431 |   5193 |    238 |   1778 |   2032 |   7 |  775.9 |
       Dungeon |   5228 |   5010 |    218 |   1778 |   1861 |   6 |  871.3 |
        Temple |    203 |    183 |     20 |      0 |    171 |   1 |  203.0 |
               +--------+--------+--------+--------+--------+-----+--------+

Top non-repeatable levels by time:
     D:3: 1822 daAuts
     D:1: 1304 daAuts
     D:2: 970 daAuts
     D:6: 761 daAuts
     D:4: 261 daAuts
  Temple: 203 daAuts
     D:5: 107 daAuts
